 Dungeon Crawl Stone Soup version 0.17.1-3-g152610e (webtiles) character file.

190 Goblin1989 the Twirler (level 5, 0/30 HPs)
             Began as a Gargoyle Gladiator on Feb 22, 2016.
             Killed from afar by an orc wizard (7 damage)
             ... with a puff of flame
             ... on level 4 of the Dungeon.
             The game lasted 00:04:56 (3301 turns).

Goblin1989 the Twirler (Gargoyle Gladiator)         Turns: 3301, Time: 00:04:56

Health: 0/30       AC:  9    Str: 18    XL:     5   Next: 69%
Magic:  5/5        EV: 12    Int: 10    God:
Gold:   185        SH:  0    Dex: 10    Spells: 0 memorised, 4 levels left

rFire  . . .     SeeInvis .     a - +0 quarterstaff
rCold  . . .     Clarity  .     b - +0 leather armour
rNeg   + . .     SustAt   .     (shield currently unavailable)
rPois  ∞         Gourm    .     c - +0 helmet
rElec  +         Spirit   .     h - +0 cloak
rCorr  .         Warding  .     (no gloves)
rMut   .         Stasis   .     (no boots)
MR     .....                    (no amulet)
Stlth  +.........               (no ring)
                                g - ring of wizardry

@: not resistant to hostile enchantments, very unstealthy
A: negative energy resistance 1, electricity resistance, unbreathing,
petrification resistance, rot immunity, AC +4
a: no special abilities


You were on level 4 of the Dungeon.
You were hungry.

You visited 1 branch of the dungeon, and saw 4 of its levels.

You collected 185 gold pieces.

Inventory:

Hand Weapons
 a - a +0 quarterstaff (weapon)
Missiles
 d - 3 throwing nets (quivered)
Armour
 b - a +0 leather armour (worn)
 c - a +0 helmet (worn)
 h - a +0 cloak (worn)
Jewellery
 g - a ring of wizardry (left hand)
Wands
 k - a wand of slowing (33)
Scrolls
 f - a scroll of blinking {unknown}
 m - 3 scrolls of amnesia
 n - a scroll of identify
 o - a scroll of fear {unknown}
 q - a scroll of noise {unknown}
Potions
 i - 2 potions of curing
 j - 2 potions of poison {unknown}
 l - a potion of invisibility {unknown}
 p - a potion of beneficial mutation {unknown}
Comestibles
 e - a bread ration
 s - a beef jerky


   Skills:
 - Level 2.1 Fighting
 * Level 6.2 Staves
 - Level 1.7 Throwing
 - Level 2.4 Dodging


You had 4 spell levels left.
You didn't know any spells.

Dungeon Overview and Level Annotations

Branches:
Dungeon (4/15)
 Temple: D:4-7

Altars:
Ru


Innate Abilities, Weirdness & Mutations

You are resistant to torment.
Your stone body is resilient (AC +4).
You are immune to poison.
You resist negative energy.
You are resistant to electric shocks.
You can survive without breathing.
You are immune to petrification.
You are immune to rotting.


Message History

You are too injured to fight recklessly!
You are too injured to fight recklessly!
You are too injured to fight recklessly!
You are too injured to fight recklessly!
You are too injured to fight recklessly!
You are too injured to fight recklessly!
You are too injured to fight recklessly!
You are too injured to fight recklessly!
You are too injured to fight recklessly!
You are too injured to fight recklessly!
You are too injured to fight recklessly!
You are too injured to fight recklessly!
You are too injured to fight recklessly!
You are too injured to fight recklessly!
You are too injured to fight recklessly!
You barely miss the orc wizard.
The orc wizard is almost dead.
The orc wizard points at you and mumbles some strange words.
The puff of flame hits you!
You die... #.....# ##<)...# #...>..######### ......#.......# .....#.....>.# oos

#.......#
#o###..<....#
#@##..#######
#.##..#
#.#...#
#.....#
#...%.#.##
##......#
#.#.#[..
#.#...###
..#..##


You could see an orc wizard, 2 orcs and a giant cockroach.

Vanquished Creatures
  An orc priest (D:3)
  2 gnolls (D:3)
  6 adders
  2 oozes
  A worm (D:2)
  4 giant geckos
  11 orcs
  A giant cockroach (D:3)
  8 goblins
  4 hobgoblins
  8 kobolds
  2 quokkas
  5 bats
  4 giant newts
  7 rats
66 creatures vanquished.

Notes
Turn   | Place    | Note
--------------------------------------------------------------
     0 | D:1      | Goblin1989 the Gargoyle Gladiator began the quest for the Orb.
     0 | D:1      | Reached XP level 1. HP: 12/12 MP: 1/1
   134 | D:1      | Reached XP level 2. HP: 17/17 MP: 2/2
   798 | D:1      | Found a sacrificial altar of Ru.
   923 | D:2      | Reached skill level 4 in Staves
   950 | D:2      | Reached XP level 3. HP: 14/21 MP: 3/3
  1439 | D:2      | Reached XP level 4. HP: 26/26 MP: 4/4
  1573 | D:2      | Reached skill level 5 in Staves
  2291 | D:3      | Reached XP level 5. HP: 4/30 MP: 5/5
  2954 | D:3      | Reached skill level 6 in Staves
  3301 | D:4      | Killed from afar by an orc wizard

Action                   |  1- 3 |  4- 6 || total
-------------------------+-------+-------++-------
Melee: Quarterstaff      |   106 |   193 ||   299
  Use: Scroll            |     6 |     1 ||     7
  Eat: Chunk             |     2 |     1 ||     3
       Bread ration      |       |     1 ||     1
